 Dungeon Crawl Stone Soup version 0.17-a0-968-gf8e1f1d (webtiles) character file.

2404 RobertPalmer the Cleaver (level 9, -2/74 HPs)
             Began as a Deep Dwarf Fighter on May 9, 2015.
             Was an Elder of Makhleb.
             Slain by an orc warrior
             ... wielding a +0 glaive
              (10 damage)
             ... in a bailey.
             The game lasted 00:13:19 (5773 turns).

RobertPalmer the Cleaver (Deep Dwarf Fighter)       Turns: 5773, Time: 00:13:19

Health: -2/74      AC: 12    Str: 25    XL:     9   Next: 23%
Magic:  9/9        EV:  8    Int:  9    God:    Makhleb [****..]
Gold:   486        SH: 10    Dex: 15    Spells: 0 memorised, 8 levels left

rFire  . . .     SeeInvis .     a - +1 war axe
rCold  . . .     Clarity  .     H - +0 plate armour
rNeg   . . .     SustAb   .     c - +0 shield
rPois  +         Gourm    .     (no helmet)
rElec  .         Spirit   .     (no cloak)
rCorr  .         Warding  .     (no gloves)
rMut   +         Stasis   .     o - +0 pair of boots
MR     +....                    i - amulet of resist mutation {rMut, !d}
Stlth  ..........               n - +4 ring of evasion
                                w - ring of poison resistance {rPois, !d}

@: mighty, non-regenerating, somewhat resistant to hostile enchantments,
extremely unstealthy
A: damage resistance, recharge devices, sense surroundings 2, slow healing 3
a: Device Recharging, Minor Destruction, Lesser Servant of Makhleb, Major
Destruction, Renounce Religion


You were in a bailey.
You worshipped Makhleb.
Makhleb was greatly pleased with you.
You were hungry.

You visited 2 branches of the dungeon, and saw 8 of its levels.
You also visited: Sewer, Ossuary and Bailey.

You collected 486 gold pieces.

Inventory:

Hand weapons
 a - a +1 war axe (weapon)
 k - the cursed +2 whip of Sulphur {slash, rF+ MP+9 Str+3, unknown}
   (You found it on level 4 of the Dungeon)

   It inflicts extra damage upon your enemies.
   It affects your strength (+3).
   It protects you from fire.
   It affects your magic capacity (+9).
   It has a curse placed upon it.
 M - a +0 war axe
   (You took it off an orc in a bailey)
Missiles
 G - 2 throwing nets {=f, !d}
Armour
 c - a +0 shield (worn)
 o - a +0 pair of boots (worn)
   (You found it on level 2 of the Dungeon)
 H - a +0 plate armour (worn)
   (You found it on level 6 of the Dungeon)
Rods
 y - a +0 rod of inaccuracy (14/14)
   (You found it on level 5 of the Dungeon)
Jewellery
 i - an amulet of resist mutation (around neck) {rMut, !d}
   (You found it on level 2 of the Dungeon)
 l - an uncursed ring of stealth {unknown}
   (You found it on level 6 of the Dungeon)
 n - a +4 ring of evasion (right hand)
   (You found it on level 2 of the Dungeon)
 p - an uncursed ring of sustain abilities {SustAb}
   (You took it off a goblin on level 2 of the Dungeon)
 w - a ring of poison resistance (left hand) {rPois, !d}
   (You found it on level 3 of the Dungeon)
 x - an uncursed ring of fire {unknown}
   (You found it on level 5 of the Dungeon)
Magical devices
 e - a wand of heal wounds (3)
 j - a wand of fireball (0)
   (You took it off Natasha on level 2 of the Dungeon)
 q - a wand of confusion (3)
   (You found it on level 2 of the Dungeon)
 I - a wand of fireball (11)
   (You took it off Duvessa on level 6 of the Dungeon)
Scrolls
 s - 2 scrolls of enchant armour
 u - a scroll of teleportation
 C - 2 scrolls of fog
 K - a scroll of identify
Potions
 b - 3 potions of heal wounds {unknown}
 d - 2 potions of might
 m - 3 potions of magic
 r - a potion of cure mutation {unknown}
 t - a potion of degeneration {unknown}
 v - a potion of berserk rage {unknown}
 z - a potion of mutation {unknown}
 A - 4 potions of lignification {unknown}
 B - 2 potions of cancellation {unknown}
 D - 3 potions of curing {unknown}
 E - 3 potions of flight {unknown}
 F - a potion of brilliance {unknown}
 J - a potion of poison {unknown}
Comestibles
 f - 5 bread rations {@e1}
 g - 2 beef jerkies
 h - 3 meat rations {@e2}
 L - a chunk of flesh {@w0}


   Skills:
 - Level 2.6 Fighting
 + Level 13.2 Axes
 - Level 3.2 Armour
 - Level 3.2 Shields


You had 8 spell levels left.
You didn't know any spells.

Dungeon Overview and Level Annotations

Branches:
Dungeon (7/15)             Temple (1/1) D:6

Altars:
Ashenzari
Dithmenos
Elyvilon
Gozag
Kikubaaqudgha
Makhleb
Qazlal
Ru
Sif Muna
Trog
Vehumet
Xom
Yredelemnul
Zin
The Shining One
Lugonu


Innate Abilities, Weirdness & Mutations

You are resistant to damage.
You can recharge devices by infusing magical energy.
You passively map the area around you.
You do not heal naturally.


Message History

You kill the orc!
Makhleb accepts your kill.
You feel a little better.
You closely miss the orc warrior. You closely miss the orc warrior.
Your plate armour prevents you from hitting the orc warrior.
You hit the orc warrior.
The orc warrior hits you but does no damage.
You block the orc warrior's attack. x2
You block the orc's attack.
The orc warrior hits you with a hand axe.
The orc hits you from afar with a halberd.
You take 3 damage, and have 54/74 hp.
You hit the orc. You miss the orc warrior.
You hit the orc warrior but do no damage.
Your plate armour prevents you from hitting the orc warrior.
You closely miss the orc warrior. You block the orc warrior's attack.
You block the orc's attack. The orc barely misses you.
The orc warrior completely misses you.
You miss the orc warrior. You closely miss the orc. You hit the orc.
You kill the orc!
Makhleb accepts your kill.
You hit the orc warrior.
You hit the orc warrior but do no damage.
You barely miss the orc warrior.
You are feeling hungry.
The orc warrior hits you with a hand axe!
You block the orc's attack. The orc hits you but does no damage.
The orc hits you from afar with a halberd.
You block the orc warrior's attack.
The orc warrior hits you but does no damage.
The orc hits you with a halberd.
You take 7 damage, and have 47/74 hp.
You hit the orc warrior but do no damage.
You closely miss the orc. You closely miss the orc warrior.
You barely miss the orc warrior. You hit the orc warrior.
You block the orc warrior's attack.
The orc warrior hits you but does no damage.
You block the orc warrior's attack. The orc barely misses you.
The orc barely misses you.
The orc warrior hits you from afar with a halberd!
The orc hits you from afar with a halberd.
You take 7 damage, and have 40/74 hp.
Unknown command.
Drink which item? (? for menu, Esc to quit)
Okay, then.
The orc warrior hits you with a glaive. The orc hits you but does no damage.
You block the orc warrior's attack.
The orc warrior hits you from afar with a glaive.
The orc warrior hits you with a hand axe!
You take 10 damage, and have 30/74 hp.
The orc warrior hits you from afar with a glaive!
The orc warrior closely misses you. The orc warrior completely misses you.
You take 7 damage, and have 23/74 hp.
There is an open door here.
You feel much better.
This wand has 4 charges left.
You regained 22 hp, and now have 45/74 hp.
Drink which item? (? for menu, Esc to quit)
You feel very mighty all of a sudden. You block the orc warrior's attack.
The orc warrior hits you from afar with a halberd!
You take 9 damage, and have 36/74 hp.
You miss the orc warrior. The orc warrior barely misses you.
The orc warrior hits you from afar with a halberd!
You take 8 damage, and have 28/74 hp.
You miss the orc warrior.
The orc warrior hits you with a hand axe.
You slash the orc warrior! The orc warrior barely misses you.
You block the orc warrior's attack.
You slice the orc warrior!!
The orc warrior hits you from afar with a halberd!
* * * LOW HITPOINT WARNING * * *
The orc warrior hits you with a hand axe.
* * * LOW HITPOINT WARNING * * *
You take 17 damage, and have 11/74 hp.
MASSIVE DAMAGE!!
You feel much better.
This wand has 3 charges left.
You block the orc warrior's attack.
You regained 14 hp, and now have 25/74 hp.
You slice the orc warrior!!
You kill the orc warrior!
Makhleb accepts your kill.
You feel a little better.
You regained 7 hp, and now have 32/74 hp.
The orc warrior hits you but does no damage.
You block the orc warrior's attack.
The orc warrior hits you from afar with a trident.
You block the orc warrior's attack.
Things that are here:
a hand axe; an orc corpse You take 3 damage, and have 29/74 hp.
You closely miss the orc warrior. You block the orc warrior's attack.
The orc warrior closely misses you. The orc warrior completely misses you.
You slice the orc warrior!!
The orc warrior hits you from afar with a glaive!
* * * LOW HITPOINT WARNING * * *
The orc warrior barely misses you.
The orc warrior hits you with a halberd!
* * * LOW HITPOINT WARNING * * *
The orc warrior hits you from afar with a glaive!
You die...

####### ############
##.....## ##........∩.# , ,
,,
#.......######..)))....... ,
,+.....oo#....#..))))......
+...))ooo@...'...))).....∩ +
,
,,+.....oo#....#............
, ,
#......o######............
##.....## ##........∩.#
####### ############


You could see 4 orc warriors and 3 orcs.

Vanquished Creatures
  Sigmund (D:5)
  An orc warrior (Bailey)
  Duvessa (D:6)
  A sky beast (D:6)
  3 ogres
  A phantom (D:4)
  A necrophage (D:6)
  A centaur (D:5)
  5 giant frogs (D:6)
  A big kobold (Sewer)
  Dowan (D:6)
  4 crimson imps
  2 jellies (D:6)
  A hound (D:6)
  A centaur skeleton (D:7)
  Natasha (thrice) (D:2)
  2 orc wizards (D:5)
  2 worker ants
  13 mummies (Ossuary)
  13 adders
  18 gnolls
  2 worms
  3 giant geckos
  29 orcs
  4 ball pythons
  A bat skeleton (D:4)
  2 bat zombies (D:6)
  11 goblins
  11 hobgoblins
  8 jackals
  4 quokkas
  10 bats
  10 giant cockroaches
  A giant gecko zombie (D:5)
  2 giant newts
  2 goblin skeletons (Ossuary)
  A goblin zombie (D:4)
  10 kobolds
  3 kobold skeletons (Ossuary)
  3 orc skeletons (Ossuary)
  20 rats
  11 rat skeletons (Ossuary)
  A rat zombie (D:4)
225 creatures vanquished.

Notes
Turn   | Place    | Note
--------------------------------------------------------------
     0 | D:1      | RobertPalmer, the Deep Dwarf Fighter, began the quest for the Orb.
     0 | D:1      | Reached XP level 1. HP: 20/20 MP: 1/1
    52 | D:1      | Reached skill level 3 in Axes
    52 | D:1      | Reached XP level 2. HP: 27/27 MP: 2/2
   633 | D:2      | Noticed Natasha
   633 | D:2      | Reached XP level 3. HP: 29/33 MP: 3/3
   642 | D:2      | Reached skill level 4 in Axes
   643 | D:2      | Killed Natasha
   686 | D:2      | Reached XP level 4. HP: 20/40 MP: 4/4
   708 | D:2      | Reached skill level 5 in Axes
   723 | D:2      | Noticed Natasha
   728 | D:2      | Killed Natasha
   733 | D:2      | Noticed Natasha
   739 | D:2      | Killed Natasha
   999 | D:2      | Found an ancient bone altar of Kikubaaqudgha.
  1138 | D:2      | Found a radiant altar of Vehumet.
  1138 | D:2      | Found a burning altar of Makhleb.
  1141 | D:2      | Found a shimmering altar of Xom.
  1193 | D:2      | Became a worshipper of Makhleb the Destroyer
  1212 | D:3      | Found a glowing silver altar of Zin.
  1333 | D:3      | Reached XP level 5. HP: 40/46 MP: 5/5
  1725 | D:3      | Reached skill level 6 in Axes
  1891 | D:4      | Noticed a phantom
  1933 | D:4      | Killed a phantom
  1945 | D:4      | Reached skill level 7 in Axes
  1945 | D:4      | Reached XP level 6. HP: 38/55 MP: 6/6
  1989 | D:4      | Found a glowing drain.
  2016 | D:4      | Acquired Makhleb's first power
  2049 | D:4      | Found a sand-covered staircase.
  2056 | Ossuary  | Entered an ossuary
  2250 | Ossuary  | Reached skill level 8 in Axes
  2291 | Ossuary  | Acquired Makhleb's second power
  2409 | D:4      | Reached XP level 7. HP: 52/61 MP: 7/7
  2415 | Sewer    | Entered a sewer
  2509 | Sewer    | Found a white marble altar of Elyvilon.
  2942 | D:4      | Reached skill level 9 in Axes
  3158 | D:4      | Got a warped whip
  3179 | D:5      | Entered Level 5 of the Dungeon
  3262 | D:5      | Found a shadowy altar of Dithmenos.
  3335 | D:5      | Acquired Makhleb's third power
  3361 | D:5      | Noticed Sigmund
  3370 | D:5      | Killed Sigmund
  3370 | D:5      | Reached skill level 10 in Axes
  3384 | D:5      | Reached XP level 8. HP: 64/68 MP: 8/8
  4354 | D:5      | Reached skill level 11 in Axes
  4583 | D:6      | Acquired Makhleb's fourth power
  4674 | D:6      | Reached skill level 12 in Axes
  4943 | D:6      | Found a deep blue altar of Sif Muna.
  5075 | D:6      | Noticed Duvessa
  5075 | D:6      | Noticed Dowan
  5080 | D:6      | Killed Dowan
  5091 | D:6      | Killed Duvessa
  5091 | D:6      | Gained mutation: You passively map the area around you. [Deep Dwarf growth]
  5091 | D:6      | Reached XP level 9. HP: 63/74 MP: 9/9
  5246 | D:6      | Found a staircase to the Ecumenical Temple.
  5418 | Temple   | Entered the Ecumenical Temple
  5635 | D:7      | Reached skill level 13 in Axes
  5674 | D:7      | Found a flagged portal.
  5688 | Bailey   | Entered a bailey
  5768 | Bailey   | HP: 16/74 [orc warrior/halberd (12)]
  5773 | Bailey   | HP: 8/74 [orc warrior/halberd (14)]
  5773 | Bailey   | Slain by an orc warrior

Action                   |  1- 3 |  4- 6 |  7- 9 || total
-------------------------+-------+-------+-------++-------
Melee: War axe           |    81 |   265 |   368 ||   714
Evoke: Wand              |       |     4 |     5 ||     9
  Use: Scroll            |     5 |     7 |     5 ||    17
       Potion            |       |       |     1 ||     1
 Stab: Confused          |       |       |     1 ||     1
  Eat: Chunk             |       |     4 |    11 ||    15
       Pizza             |       |       |     1 ||     1

Vault maps used:
D:1:      dpeg_arrival_ratfight
D:2:      kennysheep_big_flooded_room, lemuel_coloured_pillars_altar,
          grunt_temple_overflow_open, uniq_natasha
D:3:      overflow_temple_1_default, first_bread, kennysheep_generic_room_14
D:4:      enter_ossuary_4, gup_sewer_entry_glass
D:5:      nicolae_dithmenos_the_darkroom, minivault_26, uniq_sigmund
D:6:      lemuel_crystal_altar, minmay_temple_entry_large_hall, uniq_duvessa
D:7:      enter_bailey_3
Temple:   corrupted_temple
Sewer:    sewer_kobolds
Ossuary:  ossuary_due_small_catacomb
Bailey:   bailey_polearm_5, bailey

Table legend:
 A = Turns spent in this place as a percentage of turns spent in the entire game.
 B = Non-inter-level travel turns spent in this place as a percentage of non-inter-level travel turns spent in the entire game.
 C = Inter-level travel turns spent in this place as a percentage of turns spent in this place.
 D = Turns resting spent in this place as a percentage of non-inter-level travel turns spent in this place.
 E = Turns spent auto-exploring this place as a percentage of non-inter-level travel turns spent in this place.
 F = Non-inter-level travel turns spent in this place divided by the number of levels of this place that you've seen.
                   A       B       C       D       E      F
               +-------+-------+-------+-------+-------+----------------------
         Total | 100.0 | 100.0 |   0.4 |   0.0 |   7.5 | 219.4
       Dungeon |  77.5 |  77.4 |   0.5 |   0.0 |   9.3 | 266.9
        Temple |   1.2 |   1.2 |   0.0 |   0.0 |   0.0 |  29.0
         Sewer |   5.6 |   5.6 |   0.0 |   0.0 |   3.7 | 135.0
       Ossuary |  12.4 |  12.4 |   0.0 |   0.0 |   0.3 | 300.0
        Bailey |   3.3 |   3.4 |   0.0 |   0.0 |   1.2 |  81.0
               +-------+-------+-------+-------+-------+----------------------

Table legend:
 A = Kills in this place as a percentage of kills in entire the game.
 B = Kills by you in this place as a percentage of kills by you in the entire game.
 C = Kills by friends in this place as a percentage of kills by friends in the entire game.
 D = Other kills in this place as a percentage of other kills in the entire game.
 E = Experience gained in this place as a percentage of experience gained in the entire game.
 F = Experience gained in this place divided by the number of levels of this place that you have seen.
                   A       B       C       D       E      F
               +-------+-------+-------+-------+-------+----------------------
         Total | 100.0 | 100.0 |  -nan |  -nan | 100.0 | 312.3
       Dungeon |  75.0 |  75.0 |  -nan |  -nan |  84.4 | 414.0
         Sewer |   4.0 |   4.0 |  -nan |  -nan |   2.4 |  84.0
       Ossuary |  13.8 |  13.8 |  -nan |  -nan |   7.4 | 253.0
        Bailey |   7.1 |   7.1 |  -nan |  -nan |   5.8 | 200.0
               +-------+-------+-------+-------+-------+----------------------
